 Dungeon Crawl Stone Soup version 0.30-a0-1114-gd936c97349 (webtiles) character file.

Game seed: 5100386656779427766

3 sampeng1 the Trooper (level 1, -1/27 HPs)
             Began as a Human Berserker on Apr 20, 2023.
             Was a Follower of Trog.
             Slain by a gnoll
             ... wielding a +0 flail
              (6 damage)
             ... on level 1 of the Dungeon.
             The game lasted 00:00:19 (31 turns).

sampeng1 the Trooper (Human Berserker)                Turns: 31, Time: 00:00:20

Health: -1/27      AC:  2    Str: 17    XL:     1   Next: 55%
Magic:  1/1        EV: 12    Int:  7    God:    Trog [*.....]
Gold:   0          SH:  0    Dex: 12    Spells: 0/0 levels left

rFire   . . .      SeeInvis .    a - +0 hand axe
rCold   . . .      Faith    .    (no shield)
rNeg    . . .      Spirit   .    b - +0 animal skin
rPois   .          Reflect  .    (no helmet)
rElec   .          Rampage  .    (no cloak)
rCorr   .                        (no gloves)
Will    .....                    (no boots) Stlth
                                 (no amulet)
HPRegen 0.24/turn                (no ring)
MPRegen 0.07/turn                (no ring)

@: berserking (expiring), very quick
A: no striking features
a: Renounce Religion, Berserk


You were on level 1 of the Dungeon.
You worshipped Trog.
Trog was aware of your devotion.
You visited 1 branch of the dungeon, and saw 1 of its levels.

Inventory:

Hand Weapons
 a - a +0 hand axe (weapon)
Armour
 b - a +0 animal skin (worn)
Scrolls
 c - a scroll of summoning {unknown}


   Skills:
 + Level 3.1 Fighting
 + Level 3.1 Axes
 + Level 2.0 Armour
 + Level 2.0 Dodging


You couldn't memorise any spells.
You didn't know any spells.
Your spell library was empty.

Dungeon Overview and Level Annotations

Branches:
Dungeon (1/15)

Altars:


Message History

The bat barely misses you.
You miss the bat. You hit the gnoll. You hit the goblin.
You kill the goblin!
Trog accepts your kill. The bat closely misses you.
The gnoll hits you with a +0 flail.
You hit the gnoll but do no damage.
The gnoll is moderately wounded.
The bat barely misses you. The gnoll hits you with a +0 flail!
Ouch! That really hurt!
You hit the gnoll but do no damage.
The gnoll is moderately wounded.
The bat misses you. The gnoll barely misses you.
You hit the gnoll but do no damage.
The gnoll is moderately wounded.
You hit the hobgoblin. You barely miss the bat. The bat closely misses you.
The hobgoblin closely misses you. The gnoll closely misses you.
A red film seems to cover your vision as you go berserk!
You feel yourself moving faster!
You feel mighty! The bat misses you. The hobgoblin misses you.
The gnoll barely misses you.
You hit the hobgoblin but do no damage.
The hobgoblin is heavily wounded.
You closely miss the gnoll. The bat hits you.
The hobgoblin hits you but does no damage.
The gnoll barely misses you.
You hit the hobgoblin.
You kill the hobgoblin!
Trog accepts your kill.
You closely miss the gnoll. The bat closely misses you.
The gnoll hits you with a +0 flail!
* * * LOW HITPOINT WARNING * * *
You slash the bat!
You kill the bat!
Trog accepts your kill.
You hit the gnoll. The gnoll misses you.
You closely miss the gnoll.
The gnoll is severely wounded.
You barely miss the gnoll.
The gnoll is severely wounded.
The gnoll hits you with a +0 flail.
You die...

#.....#
#..#..#
#####..#..#
###......^..#
.........#.##
...........#
.##.###..###
.##.###..#
.......@>#
###.###g)#
#..# ..!#
##.## #.# #.#
..# ###


You could see a gnoll.

Vanquished Creatures
  A goblin (D:1)
  A hobgoblin (D:1)
  A bat (D:1)
3 creatures vanquished.

Notes
Turn   | Place    | Note
-------+----------+-------------------------------------------
     0 | D:1      | sampeng1 the Human Berserker began the quest for the Orb.
     0 | D:1      | Reached XP level 1. HP: 18/18 MP: 1/1
    31 | D:1      | Slain by a gnoll

Illustrated notes

Levels and vault maps discovered:
D:1:      dpeg_arrival_long_road, layout_loops_ring

Action                     || total
---------------------------++-------
  Melee: Hand axe          ||     9
 Invoke: Berserk           ||     1
 Armour: Animal skin       ||     1
  Dodge: Dodged            ||    14

Table legend: (Time is in decaauts)
 A = Elapsed time spent in this place.
 B = Non-inter-level travel time spent in this place.
 C = Inter-level travel time spent in this place.
 D = Time resting spent in this place.
 E = Time spent auto-exploring this place.
 F = Levels seen in this place.
 G = Mean time per level.
                   A        B        C        D        E       F      G
               +--------+--------+--------+--------+--------+-----+--------+
         Total |     30 |     30 |      0 |      0 |      7 |   1 |   30.0 |
       Dungeon |     30 |     30 |      0 |      0 |      7 |   1 |   30.0 |
               +--------+--------+--------+--------+--------+-----+--------+

Top non-repeatable levels by time:
     D:1: 30 daAuts
